 Dungeon Crawl Stone Soup version 0.30-a0-137-gd8773701ce (webtiles) character file.

Game seed: 7073554105754114667

81 jasper the Shooter (level 4, 0/32 HPs)
             Began as a Demonspawn Hexslinger on Sept 23, 2022.
             Succumbed to an adder's poison
             ... on level 2 of the Dungeon.
             The game lasted 00:02:49 (2108 turns).

jasper the Shooter (Demonspawn Hexslinger)          Turns: 2108, Time: 00:02:49

Health: 0/32       AC:  3    Str: 11    XL:     4   Next: 19%
Magic:  4/4        EV:  9    Int: 16    God:
Gold:   55         SH:  7    Dex: 13    Spells: 4/5 levels left

rFire   . . .      SeeInvis .    a - +1 sling
rCold   . . .      Faith    .    i - +0 kite shield
rNeg    . . .      Spirit   .    h - +0 leather armour
rPois   .          Reflect  .    (helmet restricted)
rElec   .          Harm     .    (no cloak)
rCorr   .          Rampage  .    (no gloves)
Will    .....                    (no boots)
Stlth   +.........               (no amulet)
HPRegen 0.10/turn                (no ring)
MPRegen 0.09/turn                (no ring)

@: lethally poisoned (0 -> -2)
A: horns 1, low MP 1, MP-powered wands
a: no special abilities


You were on level 2 of the Dungeon.
You visited 1 branch of the dungeon, and saw 2 of its levels.

You collected 55 gold pieces.

Inventory:

Hand Weapons
 a - a +1 sling (weapon)
Armour
 c - a +0 robe
 h - a +0 leather armour (worn)
 i - a +0 kite shield (worn)
Jewellery
 d - a ring of fire
 f - a ring of resist corrosion
Scrolls
 b - a scroll of poison
 e - 4 scrolls of identify {unknown}
 g - 2 scrolls of vulnerability {unknown}
 k - a scroll of silence {unknown}
 l - a scroll of acquirement {unknown}


   Skills:
 - Level 1.0 Fighting
 + Level 3.7 Ranged Weapons
 - Level 1.7 Dodging
 + Level 1.4 Shields
 - Level 1.0 Spellcasting
 - Level 3.0 Hexes


You had 4 spell levels left.
You knew the following spells:

 Your Spells              Type           Power      Damage    Failure   Level
a - Slow                  Hex            40%        N/A       30%         1

Your spell library contained the following spells:

 Spells                   Type           Power      Damage    Failure   Level
 Magic Dart               Conj           0%         1d3       71%         1
 Searing Ray              Conj           0%         2d4       83%         2
 Inner Flame              Hex/Fire       5%         N/A       86%         3
 Portal Projectile        Hex/Tloc       10%        N/A       86%         3
 Cause Fear               Hex            5%         N/A       96%         4
 Kindle Blastsparks       Fire/Tloc/Air  0%         2d10      97%         3
 Fulminant Prism          Conj/Hex       2%         3d6       99%         4
 Iskenderun's Mystic Bla  Conj/Tloc      0%         2d3       100%        4
 Lee's Rapid Deconstruct  Erth           0%         3d5*      100%        5


Dungeon Overview and Level Annotations

Branches:
Dungeon (2/15)

Altars:


Innate Abilities, Weirdness & Mutations

You have a pair of small horns on your head.
Your magical capacity is low. (-10% MP)
You expend magic power (3 MP) to strengthen your wands.


Message History

The adder is moderately wounded.
The adder barely misses you. You block the adder's attack.
Fire: a) +1 sling
Press: ? - help, Q - select action, (/) - cycle Shift-Dir - straight line, f/p - adder
Aim: an adder (moderately wounded, 35% to hit)
You shoot a sling bullet. The sling bullet hits the adder.
The adder is heavily wounded.
The adder bites you but does no damage. The adder bites you.
* * * LOW HITPOINT WARNING * * *
You take 2 damage, and have 5/32 hp.
Fire: a) +1 sling
Press: ? - help, Q - select action, (/) - cycle Shift-Dir - straight line, f/p - adder
Aim: an adder (heavily wounded, 35% to hit)
You shoot a sling bullet.
The sling bullet closely misses the adder.
The adder bites you.
* * * LOW HITPOINT WARNING * * *
You are lethally poisoned!
The adder poisons you! The adder misses you.
You take 1 damage, and have 4/32 hp.
Fire: a) +1 sling
Press: ? - help, Q - select action, (/) - cycle Shift-Dir - straight line, f/p - adder
Aim: an adder (heavily wounded, 35% to hit)
You shoot a sling bullet. The sling bullet hits the adder.
The adder is severely wounded.
* * * LOW HITPOINT WARNING * * *
You feel sick. The adder closely misses you. You block the adder's attack.
You take 2 damage, and have 2/32 hp.
It was a potion of mutation.
You feel extremely strange.
You feel robust.
* * * LOW HITPOINT WARNING * * *
You feel sick. The adder barely misses you.
You take 1 damage, and have 1/35 hp.
Really quaff the potion of mutation? [Y]es or [N]o only, please.
Really quaff the potion of mutation?
You feel extremely strange.
You feel frail.
You feel less energetic.
You feel your magical essence link to the dungeon's wands.
You die...

##.#.####.# #.#
#.#......# #..
#.############ ##'##
#... ##...## #.##
##.....## #.#
##.......## ##.##
#..####.........####....
#.....S@........+.......
...####...<.....####....
##.......## ##.#.
##.....## #... ##..(####
###. ####'#...## #.
#.........######.
#.###............ #.#
#.....#######


You could see an adder.

Vanquished Creatures
  2 adders (D:2)
  3 worms (D:2)
  3 ball pythons
  4 bats
  4 endoplasms (D:1)
  A giant cockroach (D:2)
  5 goblins
  5 hobgoblins
  6 jackals (D:1)
  2 quokkas
  4 frilled lizards
  4 kobolds
  6 rats
49 creatures vanquished.

Notes
Turn   | Place    | Note
-------+----------+-------------------------------------------
     0 | D:1      | jasper the Demonspawn Hexslinger began the quest for the
                  | Orb.
     0 | D:1      | Reached XP level 1. HP: 15/15 MP: 2/2
   115 | D:1      | Gained mutation: You have a pair of small horns on your
                  | head. [demonic ancestry]
   115 | D:1      | Reached XP level 2. HP: 21/21 MP: 3/3
   356 | D:1      | Found a faded altar of an unknown god.
   650 | D:1      | Reached XP level 3. HP: 22/26 MP: 4/4
  1506 | D:2      | Reached skill level 1 in Shields
  1805 | D:2      | Reached XP level 4. HP: 32/32 MP: 5/5
  2107 | D:2      | Gained mutation: You are robust. (+10% HP) [potion of
                  | mutation]
  2107 | D:2      | HP: 1/35 [poisoned by an adder]
  2108 | D:2      | Lost mutation: You are robust. (+10% HP) [potion of
                  | mutation]
  2108 | D:2      | Gained mutation: Your magical capacity is low. (-10% MP)
                  | [potion of mutation]
  2108 | D:2      | Gained mutation: You expend magic power (3 MP) to
                  | strengthen your wands. [potion of mutation]
  2108 | D:2      | Succumbed to an adder's poison

Illustrated notes

Levels and vault maps discovered:
D:1:      tarquinn_simple_flora_water_a, layout_rooms,
          hellmonk_ecumenical_altar_arch_garden
D:2:      layout_loops_corners, serial_shops, nicolae_shop_window_shopping,
          minmay_tetromino_t2

Skill      XL: |  1  2  3 |
---------------+----------+-----
Ranged Weapons | 2 3 |  3.7
Shields        | 1 |  1.4
Fighting       | |  1.0
Dodging        | |  1.7
Spellcasting   | |  1.0
Hexes          | |  3.0

Action                   |  1- 3 |  4- 6 || total
-------------------------+-------+-------++-------
 Fire: Sling             |   151 |    43 ||   194
 Cast: Slow              |     2 |       ||     2
  Use: Potion            |       |     2 ||     2
Armor: Robe              |     9 |       ||     9
       Leather armour    |    12 |     9 ||    21
Dodge: Dodged            |    52 |    14 ||    66
Block: Kite shield       |    15 |    17 ||    32

Table legend: (Time is in decaauts)
 A = Elapsed time spent in this place.
 B = Non-inter-level travel time spent in this place.
 C = Inter-level travel time spent in this place.
 D = Time resting spent in this place.
 E = Time spent auto-exploring this place.
 F = Levels seen in this place.
 G = Mean time per level.
                   A        B        C        D        E       F      G
               +--------+--------+--------+--------+--------+-----+--------+
         Total |   2178 |   2178 |      0 |      0 |   1805 |   2 | 1089.0 |
       Dungeon |   2178 |   2178 |      0 |      0 |   1805 |   2 | 1089.0 |
               +--------+--------+--------+--------+--------+-----+--------+

Top non-repeatable levels by time:
     D:2: 1334 daAuts
     D:1: 843 daAuts
